TOP OF THE 1ST |
Colorado Springs Sky Sox batting - Pitching for Reno Aces : LHP John Salzmann
|
Pitching: LHP John Salzmann
|
|
Batting: RHB Kennet Strijbis
|
0-0: Ball 1-0: Swinging Strike 1-1: Swinging Strike 1-2: SINGLE (Groundball, 56S, EV 70.6 MPH) (infield hit)
|
Batting: RHB George Lundy
|
0-0: Ball 1-0: Foul Ball, location: 2F 1-1: Fly out, F8 (Flyball, 8RD, EV 93.8 MPH)
|
Batting: LHB Koson Hirai
|
0-0: Called Strike 0-1: Foul Ball, location: 2F 0-2: Strikes out swinging
|
Batting: RHB Devine Adams
|
0-0: Ball Kennet Strijbis is caught stealing 2nd base 2-4
|
Top of the 1st over - 0 runs, 1 hit, 0 errors, 0 left on base; Colorado Springs 0 - Reno 0 |
BOTTOM OF THE 1ST |
Reno Aces batting - Pitching for Colorado Springs Sky Sox : RHP Edwin Vasquez
|
Pitching: RHP Edwin Vasquez
|
|
Batting: RHB Andy Swaim
|
0-0: Ball 1-0: Swinging Strike 1-1: Ball 2-1: Foul Ball, location: 2F 2-2: Foul Ball, location: 2F 2-2: Ball 3-2: Base on Balls
|
Batting: RHB Scott Travis
|
0-0: Ball 1-0: Called Strike Andy Swaim steals 2nd base 1-1: Ball 2-1: SINGLE (Flyball, 56D, EV 92.5 MPH) Andy Swaim to third
|
Batting: RHB Katilimomi Kelekolio
|
0-0: Ball 1-0: Called Strike 1-1: Ball 2-1: Ball 3-1: Base on Balls Scott Travis to second
|
Batting: SHB Salvador Aragon
|
0-0: Called Strike 0-1: Ball 1-1: Ball 2-1: Ball 3-1: Base on Balls Andy Swaim scores Scott Travis to third Katilimomi Kelekolio to second
|
Batting: LHB Chris Escobar
|
0-0: Grounds into double play, 4-6-3 (Groundball, 4, EV 91.9 MPH) Scott Travis scores Katilimomi Kelekolio to third
|
Batting: SHB Warren Eisner
|
0-0: SINGLE (Groundball, 6M, EV 101.3 MPH) (infield hit) Katilimomi Kelekolio scores
|
Batting: RHB Juan Espinoza
|
0-0: Ball Warren Eisner steals 2nd base (no throw) 1-0: Swinging Strike 1-1: Ball 2-1: Called Strike 2-2: Hit by Pitch
|
Batting: RHB Toichiro Fujimoto
|
0-0: Fly out, F7 (Flyball, 78M, EV 83.1 MPH)
|
Bottom of the 1st over - 3 runs, 2 hits, 0 errors, 2 left on base; Colorado Springs 0 - Reno 3 |
TOP OF THE 2ND |
Colorado Springs Sky Sox batting - Pitching for Reno Aces : LHP John Salzmann
|
Batting: RHB Devine Adams
|
0-0: Ball 1-0: Ball 2-0: Ball 3-0: Called Strike 3-1: Foul Ball, location: 2F 3-2: Strikes out looking
|
Batting: LHB Tony Ponce
|
0-0: Swinging Strike 0-1: Ball 1-1: Called Strike 1-2: Foul Ball, location: 2F 1-2: Ball 2-2: SOLO HOME RUN (Flyball, 9LD, EV 98.8 MPH), Distance : 363 ft
|
Batting: RHB Bobby Bowman
|
0-0: Ball 1-0: Foul Ball, location: 2F 1-1: Ball 2-1: Swinging Strike 2-2: Foul Ball, location: 2F 2-2: Foul Ball, location: 2F 2-2: Ball 3-2: SOLO HOME RUN (Flyball, 7LD, EV 99.4 MPH), Distance : 366 ft
|
Batting: RHB Fu-Kang Duan
|
0-0: Ball 1-0: DOUBLE (Line Drive, 7LS, EV 97.5 MPH)
|
Batting: RHB Dwane Reed
|
0-0: Ground out 5-3 (Groundball, 56, EV 81.3 MPH)
|
Batting: RHB Colin Lord
|
0-0: Ball 1-0: Ball 2-0: Called Strike 2-1: Ball 3-1: Base on Balls
|
Batting: RHB Kennet Strijbis
|
0-0: Ground out 6-3 (Groundball, 6S, EV 92.5 MPH)
|
Top of the 2nd over - 2 runs, 3 hits, 0 errors, 2 left on base; Colorado Springs 2 - Reno 3 |
BOTTOM OF THE 2ND |
Reno Aces batting - Pitching for Colorado Springs Sky Sox : RHP Edwin Vasquez
|
Batting: LHB Josh Kirk
|
0-0: Ball 1-0: Called Strike 1-1: Ball 2-1: TRIPLE (Flyball, 78XD, EV 95.6 MPH)
|
Batting: RHB Andy Swaim
|
0-0: Swinging Strike 0-1: Ball 1-1: Ball 2-1: Foul Ball, location: 2F 2-2: Ground out 4-3 (Groundball, 4, EV 100.6 MPH) Josh Kirk scores
|
Batting: RHB Scott Travis
|
0-0: Fly out, F8 (Flyball, 8RXD, EV 99.4 MPH)
|
Batting: RHB Katilimomi Kelekolio
|
0-0: Ball 1-0: Called Strike 1-1: Ball 2-1: Foul Ball, location: 2F 2-2: Foul Ball, location: 2F 2-2: Foul Ball, location: 2F 2-2: Foul Ball, location: 2F 2-2: Foul Ball, location: 2F 2-2: Ground out U3 (Groundball, 3, EV 101.9 MPH)
|
Bottom of the 2nd over - 1 run, 1 hit, 0 errors, 0 left on base; Colorado Springs 2 - Reno 4 |
TOP OF THE 3RD |
Colorado Springs Sky Sox batting - Pitching for Reno Aces : LHP John Salzmann
|
Batting: RHB George Lundy
|
0-0: Ball 1-0: DOUBLE (Groundball, 3L, EV 106.9 MPH)
|
Batting: LHB Koson Hirai
|
0-0: SINGLE (Line Drive, 6D, EV 101.9 MPH) George Lundy to third Runner from 3rd tries for Home, SAFE, throw by LF to home
|
Batting: RHB Devine Adams
|
0-0: Grounds into double play, 6-4-3 (Groundball, 6, EV 102.5 MPH)
|
Batting: LHB Tony Ponce
|
0-0: Ball 1-0: Ball 2-0: Called Strike 2-1: Foul Ball, location: 2F 2-2: Strikes out looking
|
Top of the 3rd over - 1 run, 2 hits, 0 errors, 0 left on base; Colorado Springs 3 - Reno 4 |
BOTTOM OF THE 3RD |
Reno Aces batting - Pitching for Colorado Springs Sky Sox : RHP Edwin Vasquez
|
Batting: SHB Salvador Aragon
|
0-0: Called Strike 0-1: Foul Ball, location: 2F 0-2: SINGLE (Groundball, 56D, EV 103.8 MPH)
|
Batting: LHB Chris Escobar
|
0-0: Ball 1-0: Ball 2-0: Fly out, F6 (Popup, 6, EV 65.0 MPH)
|
Batting: SHB Warren Eisner
|
0-0: Grounds into double play, 4-6-3 (Groundball, 4, EV 85.6 MPH)
|
Bottom of the 3rd over - 0 runs, 1 hit, 0 errors, 0 left on base; Colorado Springs 3 - Reno 4 |
TOP OF THE 4TH |
Colorado Springs Sky Sox batting - Pitching for Reno Aces : LHP John Salzmann
|
Batting: RHB Bobby Bowman
|
0-0: Ball 1-0: Foul Ball, location: 2F 1-1: Ball 2-1: Ground out 6-3 (Groundball, 56, EV 86.3 MPH)
|
Batting: RHB Fu-Kang Duan
|
0-0: Ball 1-0: Ball 2-0: Ball 3-0: Called Strike 3-1: Foul Ball, location: 2F 3-2: Foul Ball, location: 2F 3-2: Foul Ball, location: 2F 3-2: Fly out, F8 (Flyball, 8LXD, EV 102.5 MPH)
|
Batting: RHB Dwane Reed
|
0-0: Called Strike 0-1: Called Strike 0-2: Ball 1-2: Reached on error, E4 (Groundball, 34, EV 92.5 MPH)
|
Batting: RHB Colin Lord
|
0-0: Ball 1-0: Fielders Choice at 2nd, 4-6 (Groundball, 4MD, EV 87.5 MPH)
|
Top of the 4th over - 0 runs, 0 hits, 1 error, 1 left on base; Colorado Springs 3 - Reno 4 |
BOTTOM OF THE 4TH |
Reno Aces batting - Pitching for Colorado Springs Sky Sox : RHP Edwin Vasquez
|
Batting: RHB Juan Espinoza
|
0-0: Ball 1-0: Ball 2-0: SINGLE (Line Drive, 4D, EV 99.4 MPH)
|
Batting: RHB Toichiro Fujimoto
|
0-0: Grounds into double play, 4-6-3 (Groundball, 4, EV 89.4 MPH)
|
Batting: LHB Josh Kirk
|
0-0: Foul Ball, location: 2F 0-1: Ball 1-1: Fly out, F7 (Flyball, 7LD, EV 92.5 MPH)
|
Bottom of the 4th over - 0 runs, 1 hit, 0 errors, 0 left on base; Colorado Springs 3 - Reno 4 |
TOP OF THE 5TH |
Colorado Springs Sky Sox batting - Pitching for Reno Aces : LHP John Salzmann
|
Batting: RHB Kennet Strijbis
|
0-0: Called Strike 0-1: Ball 1-1: Ball 2-1: Foul Ball, location: 2F 2-2: Foul Ball, location: 2F 2-2: Foul Ball, location: 2F 2-2: Ball 3-2: Strikes out swinging
|
Batting: RHB George Lundy
|
0-0: Fly out, F9 (Line Drive, 9D, EV 98.1 MPH)
|
Batting: LHB Koson Hirai
|
0-0: Called Strike 0-1: Ground out 4-3 (Groundball, 4, EV 81.3 MPH)
|
Top of the 5th over - 0 runs, 0 hits, 0 errors, 0 left on base; Colorado Springs 3 - Reno 4 |
BOTTOM OF THE 5TH |
Reno Aces batting - Pitching for Colorado Springs Sky Sox : RHP Edwin Vasquez
|
Batting: RHB Andy Swaim
|
0-0: Ball 1-0: Foul Ball, location: 2F 1-1: Ball 2-1: Foul Ball, location: 2F 2-2: SINGLE (Groundball, 6MD, EV 95.0 MPH)
|
Batting: RHB Scott Travis
|
0-0: Ball 1-0: Called Strike 1-1: Ball 2-1: Ball 3-1: Fly out, F9 (Flyball, 9D, EV 95.0 MPH)
|
Batting: RHB Katilimomi Kelekolio
|
0-0: Foul Ball, location: 2F 0-1: Ball Andy Swaim steals 2nd base 1-1: Called Strike 1-2: Strikes out swinging
|
Batting: SHB Salvador Aragon
|
0-0: Called Strike 0-1: Foul Ball, location: 2F 0-2: Ball 1-2: Foul Ball, location: 2F 1-2: Ball 2-2: SINGLE (Groundball, 56D, EV 103.8 MPH) Andy Swaim to third Runner from 3rd tries for Home, SAFE, throw by LF to home
|
Batting: LHB Chris Escobar
|
0-0: Foul Ball, location: 2F 0-1: Called Strike 0-2: Ball 1-2: Ball 2-2: Foul Ball, location: 2F 2-2: SINGLE (Line Drive, 56D, EV 94.4 MPH) Salvador Aragon to second Throwing error, E7 Salvador Aragon scores Chris Escobar to second
|
Pitching: RHP Ronnie DeVries
|
|
Batting: SHB Warren Eisner
|
0-0: Ball 1-0: Called Strike 1-1: Swinging Strike 1-2: Strikes out swinging
|
Bottom of the 5th over - 2 runs, 3 hits, 1 error, 1 left on base; Colorado Springs 3 - Reno 6 |
TOP OF THE 6TH |
Colorado Springs Sky Sox batting - Pitching for Reno Aces : LHP John Salzmann
|
Batting: RHB Devine Adams
|
0-0: Foul Ball, location: 2F 0-1: Ball 1-1: Ball 2-1: Ball 3-1: Called Strike 3-2: Base on Balls
|
Batting: LHB Tony Ponce
|
0-0: Ball 1-0: Called Strike Devine Adams is caught stealing 2nd base 2-6 1-1: Swinging Strike 1-2: Ball 2-2: Ball 3-2: Strikes out swinging
|
Batting: RHB Bobby Bowman
|
0-0: Foul Ball, location: 2F 0-1: Ground out 1-3 (Groundball, P, EV 70.0 MPH)
|
Top of the 6th over - 0 runs, 0 hits, 0 errors, 0 left on base; Colorado Springs 3 - Reno 6 |
BOTTOM OF THE 6TH |
Reno Aces batting - Pitching for Colorado Springs Sky Sox : RHP Ronnie DeVries
|
Batting: RHB Juan Espinoza
|
0-0: Ball 1-0: Ball 2-0: Ball 3-0: Called Strike 3-1: SINGLE (Groundball, 56D, EV 108.1 MPH)
|
Batting: RHB Toichiro Fujimoto
|
0-0: Ball 1-0: Ball 2-0: Grounds into double play, 4-6-3 (Groundball, 4, EV 102.5 MPH)
|
Batting: LHB Josh Kirk
|
0-0: Ball 1-0: Swinging Strike 1-1: Ball 2-1: Ball 3-1: Swinging Strike 3-2: Foul Ball, location: 2F 3-2: Fly out, F7 (Flyball, 78D, EV 96.9 MPH)
|
Bottom of the 6th over - 0 runs, 1 hit, 0 errors, 0 left on base; Colorado Springs 3 - Reno 6 |
TOP OF THE 7TH |
Colorado Springs Sky Sox batting - Pitching for Reno Aces : LHP John Salzmann
|
Batting: RHB Fu-Kang Duan
|
0-0: Called Strike 0-1: Called Strike 0-2: Foul Ball, location: 2F 0-2: Ball 1-2: Ball 2-2: Strikes out swinging
|
Batting: RHB Dwane Reed
|
0-0: Ball 1-0: Foul Ball, location: 2F 1-1: SINGLE (Groundball, 56D, EV 96.3 MPH)
|
Pitching: RHP Stanford Placard
|
|
Batting: RHB Colin Lord
|
0-0: Ball 1-0: Ball 2-0: Fielders Choice at 2nd, 3-6 (Groundball, 34S, EV 81.9 MPH)
|
Batting: RHB Kennet Strijbis
|
0-0: Called Strike 0-1: Called Strike 0-2: Ball 1-2: Ball 2-2: Foul Ball, location: 2F 2-2: Fly out, F8 (Flyball, 8RM, EV 77.5 MPH)
|
Top of the 7th over - 0 runs, 1 hit, 0 errors, 1 left on base; Colorado Springs 3 - Reno 6 |
BOTTOM OF THE 7TH |
Reno Aces batting - Pitching for Colorado Springs Sky Sox : RHP Ronnie DeVries
|
Pitching: RHP Dave Alfonso
|
|
Batting: RHB Andy Swaim
|
0-0: Called Strike 0-1: Foul Ball, location: 2F 0-2: Ball 1-2: Ball 2-2: Fly out, F8 (Flyball, 8RD, EV 95.6 MPH)
|
Batting: RHB Scott Travis
|
0-0: Ground out 6-3 (Groundball, 6, EV 83.1 MPH)
|
Batting: RHB Katilimomi Kelekolio
|
0-0: Ball 1-0: Called Strike 1-1: Ball 2-1: Ball 3-1: Base on Balls
|
Batting: SHB Salvador Aragon
|
0-0: Called Strike 0-1: Fly out, F8 (Flyball, 8LM, EV 90.6 MPH)
|
Bottom of the 7th over - 0 runs, 0 hits, 0 errors, 1 left on base; Colorado Springs 3 - Reno 6 |
TOP OF THE 8TH |
Colorado Springs Sky Sox batting - Pitching for Reno Aces : RHP Stanford Placard
|
Batting: RHB George Lundy
|
0-0: Called Strike 0-1: Ball 1-1: Ball 2-1: Foul Ball, location: 2F 2-2: Strikes out swinging
|
Batting: LHB Koson Hirai
|
0-0: Ball 1-0: Foul Ball, location: 2F 1-1: Ground out 6-3 (Groundball, P, EV 78.8 MPH)
|
Batting: RHB Devine Adams
|
0-0: Called Strike 0-1: Ball 1-1: Ball 2-1: Ball 3-1: Base on Balls
|
Batting: LHB Tony Ponce
|
0-0: Called Strike 0-1: Ball 1-1: Ground out 4-3 (Groundball, 4, EV 106.9 MPH)
|
Top of the 8th over - 0 runs, 0 hits, 0 errors, 1 left on base; Colorado Springs 3 - Reno 6 |
BOTTOM OF THE 8TH |
Reno Aces batting - Pitching for Colorado Springs Sky Sox : RHP Dave Alfonso
|
Pitching: RHP Dustin Deemer
|
|
Batting: LHB Chris Escobar
|
0-0: Ball 1-0: DOUBLE (Line Drive, 9LM, EV 111.3 MPH)
|
Batting: SHB Warren Eisner
|
0-0: Intentional Walk
|
Batting: RHB Juan Espinoza
|
0-0: Swinging Strike 0-1: Ball 1-1: Called Strike 1-2: Strikes out swinging
|
Batting: RHB Toichiro Fujimoto
|
0-0: Ball 1-0: Ball 2-0: Fly out, F5 (Popup, 5SF, EV 71.9 MPH)
|
Batting: LHB Josh Kirk
|
0-0: SINGLE (Groundball, 6D, EV 94.4 MPH) Chris Escobar to third Warren Eisner to second Runner from 3rd tries for Home, SAFE, throw by CF to home
|
Batting: RHB Andy Swaim
|
0-0: Ball 1-0: Ball 2-0: SINGLE (Line Drive, 9S, EV 95.6 MPH) Warren Eisner to third Josh Kirk to second Runner from 3rd tries for Home, SAFE, throw by RF to home
|
Batting: RHB Scott Travis
|
0-0: Ball 1-0: DOUBLE (Flyball, 89XD, EV 101.3 MPH) Josh Kirk scores Andy Swaim to third Runner from 3rd tries for Home, SAFE, throw by CF to home
|
Pitching: RHP Edward Cadenhead
|
|
Pinch Hitting: RHB Paul Van Gilder
|
0-0: Ball 1-0: Ball 2-0: Ball 3-0: Base on Balls
|
Pinch Hitting: LHB Ruben Rocha
|
0-0: Swinging Strike 0-1: Ball Wild Pitch! Scott Travis to third Paul Van Gilder to second 1-1: Fly out, F8 (Line Drive, 8RM, EV 107.5 MPH)
|
Bottom of the 8th over - 4 runs, 4 hits, 0 errors, 2 left on base; Colorado Springs 3 - Reno 10 |
TOP OF THE 9TH |
Colorado Springs Sky Sox batting - Pitching for Reno Aces : RHP Stanford Placard
|
Now at 2B: Paul Van Gilder
|
|
Now in LF: Ruben Rocha
|
|
Now in CF: Juan Espinoza
|
|
Batting: RHB Bobby Bowman
|
0-0: Ball 1-0: Ball 2-0: Ground out 1-3 (Groundball, 13S, EV 71.3 MPH)
|
Batting: RHB Fu-Kang Duan
|
0-0: Swinging Strike 0-1: Swinging Strike 0-2: Ground out 6-3 (Groundball, 56, EV 104.4 MPH)
|
Batting: RHB Dwane Reed
|
0-0: Ball 1-0: Foul Ball, location: 2F 1-1: Swinging Strike 1-2: Fly out, F7 (Flyball, 78S, EV 88.8 MPH)
|
Top of the 9th over - 0 runs, 0 hits, 0 errors, 0 left on base; Colorado Springs 3 - Reno 10 |
|